 Dungeon Crawl Stone Soup version 0.31-a0-986-g5e6e4ef867 (webtiles) character file.

Game seed: 1713980266238608470

1364 Zdeegee the Magician (level 8, -2/33 (39) HPs)
             Began as a Vine Stalker Air Elementalist on Nov 7, 2023.
             Was an Initiate of Vehumet.
             Slain by a wight
             ... wielding a +4 morningstar
              (5 damage)
             ... on level 6 of the Dungeon.
             The game lasted 00:16:03 (5623 turns).

Zdeegee the Magician (VSAE)                         Turns: 5623, Time: 00:16:04

HP:   -2/33 (39)    AC:  9    Str: 11    XL:     8   Next: 64%
MP:   0/18          EV: 13    Int: 17    God:    Vehumet [......]
Gold: 127           SH:  0    Dex: 15    Spells: 9/19 levels left

rFire   . . .        g - +0 rapier (protect)
rCold   . . .        (no shield)
rNeg    . . .        a - +1 robe
rPois   .            i - +1 helmet
rElec   .            q - +0 cloak
rCorr   .            l - +2 pair of gloves
SInv    .            (no boots)
Will    +....        (no amulet)
Stlth   ++           r - ring of flight
HPRegen 1.05/turn    m - ring of wizardry
MPRegen 0.16/turn

%: guardian spirit, wizardry (x1)
@: flying, heavily drained
A: fangs 3, regeneration 1, magic shield, antimagic bite, no potion heal 2
a: Renounce Religion


You were on level 6 of the Dungeon.
You worshipped Vehumet.
Vehumet was noncommittal.
You visited 2 branches of the dungeon, and saw 7 of its levels.
You also visited: Ossuary.

You collected 277 gold pieces.
You spent 150 gold pieces at shops.

Inventory:

Hand Weapons
 c - a +0 whip
 g - a +0 rapier of protection (weapon)
 o - the +8 spear of Eternal Harmony {elec, Str+6 Dex-3}
   (You found it on level 3 of the Dungeon)

   Str+6:     It affects your strength (+6).
   Dex-3:     It affects your dexterity (-3).
 p - a +2 quarterstaff of chaos
Missiles
 h - 2 throwing nets
Armour
 a - a +1 robe (worn)
 i - a +1 helmet (worn)
 l - a +2 pair of gloves (worn)
 q - a +0 cloak (worn)
 G - the +1 robe "Punef" {rPois rC- Will+ Str+3}
   (You found it on level 6 of the Dungeon)

   Str+3:     It affects your strength (+3).
   rC-:       It makes you vulnerable to cold.
   rPois:     It protects you from poison Will+: It increases your willpower.
Jewellery
 m - a ring of wizardry (right hand)
 r - a ring of flight (left hand)
Wands
 n - a wand of flame (35)
 F - a wand of light (7)
Scrolls
 d - 2 scrolls of enchant armour
 f - a scroll of poison
 j - 3 scrolls of silence
 k - 2 scrolls of teleportation
 s - a scroll of brand weapon
 u - 3 scrolls of blinking
 w - a scroll of enchant weapon {unknown}
 x - 2 scrolls of summoning
 y - a scroll of immolation
 D - a scroll of fear {unknown}
 E - a scroll of vulnerability {unknown}
Potions
 b - a potion of magic
 e - 4 potions of curing
 t - 3 potions of might
 v - a potion of cancellation
 z - a potion of attraction {unknown}
 A - 2 potions of mutation
 B - a potion of resistance {unknown}
 C - 4 potions of heal wounds {unknown}
 H - 2 potions of brilliance {unknown}
 I - a potion of berserk rage


   Skills:
 * Level 2.5 Fighting
 + Level 1.2 Short Blades
 * Level 3.2 Dodging
 + Level 3.0 Stealth
 * Level 6.0 Spellcasting
 * Level 3.9 Conjurations
 * Level 2.9 Ice Magic
 * Level 5.4 Air Magic
 + Level 0.2 Evocations


You had 9 spell levels left.
You knew the following spells:

 Your Spells              Type           Power      Damage    Failure   Level
a - Shock                 Conj/Air       80%        1d8       1%          1
b - Static Discharge      Conj/Air       40%        3-5/arc   1%          2
c - Swiftness             Air            23%        N/A       1%          3
d - Airstrike             Air            11%        2d(2-18)  6%          4

Your spell library contained the following spells:

 Spells                   Type           Power      Damage    Failure   Level
 Apportation              Tloc           10%        N/A       5%          1
 Necrotise                Necr           20%        1d5       5%          1
 Sandblast                Erth           10%        2d5       5%          1
 Summon Small Mammal      Summ           20%        N/A       5%          1
 Jinxbite                 Hex            10%        N/A       8%          2
 Sublimation of Blood     Necr           5%         N/A       8%          2
 Wereblood                Tmut           5%         N/A       8%          2
 Alistair's Intoxication  Tmut/Pois      3%         N/A       77%         5
 Summon Hydra             Summ           2%         N/A       100%        7


Dungeon Overview and Level Annotations

Branches:
Dungeon (6/15)             Temple (1/1) D:6         Ossuary (visited)

Altars:
Ashenzari
Cheibriados
Dithmenos
Elyvilon
Fedhas
Gozag
Hepliaklqana
Kikubaaqudgha
Makhleb
Nemelex Xobeh
Qazlal
Sif Muna
Trog
Uskayaw
Vehumet
Wu Jian
Xom

Shops:
D:4 (   D:6 ?


Innate Abilities, Weirdness & Mutations

You have razor-sharp teeth.
Your natural rate of healing is unusually fast.
When hurt, damage is shared between your health and your magic reserves.
Your bite disrupts and absorbs the magic of your enemies.
Potions cannot restore your health.


Message History

A wight comes into view. It is wielding a +0 trident.
You closely miss the wight.
The wight is almost destroyed.
The wight hits you but does no damage.
You hit the wight.
You destroy the wight!
Vehumet accepts your kill.
Your life force feels restored.
Your Spellcasting skill increases to level 6!
Things that are here:
a +0 long sword; a +0 robe; 23 gold pieces The zap misses the wight.
The zap hits the wight.
The wight is moderately damaged.
The wight hits you with a +4 morningstar.
You feel drained.
The zap hits the wight!
The wight is heavily damaged.
The zap hits the wight but does no damage.
The wight is moderately damaged.
The wight hits you with a +4 morningstar.
You feel drained.
The zap hits the wight.
The wight is severely damaged.
The zap hits the wight.
The wight is heavily damaged.
The wight barely misses you.
The wight hits you from afar with a +0 trident!
You feel drained. The wight attacks as it pursues you!
The wight hits you with a +4 morningstar!
There is a stone staircase leading down here.
The wight attacks as it pursues you! The wight completely misses you.
The wight attacks as it pursues you! The wight hits you but does no damage.
The wight attacks as it pursues you!
The wight hits you with a +4 morningstar.
The wight attacks as it pursues you!
The wight hits you with a +4 morningstar!
* * * LOW HITPOINT WARNING * * *
You feel drained.
You die...

#####.............# ##
..................# ..
#######.............# ..
..........##.......... ..
#######....##.########..
.. # #.....#....##.# . .
#.##.#...>...##.#
#..zz#...zz.....##### # ##
.......##......z@.......
##. .
.......'.....#.###......
##..##
...)...######....+.......#
.. #.. .......#
#..###.......##.#.#..
.......+
..............#.#..#.
.......#
###...................
........
............####..##
.....8.8.8.# #.#..
...........## #....


You could see 3 wights.

Vanquished Creatures
  A water moccasin (D:5)
  2 ice beasts
  2 ogres
  A bullfrog (D:4)
  2 scorpions
  2 wights (D:6)
  3 centaur zombies (Ossuary)
  A gnoll bouda (D:4)
  A jelly (D:5)
  Crazy Yiuf (D:3)
  An iguana (D:5)
  Ijyb (D:4)
  2 sleepcaps
  4 mummies (Ossuary)
  8 gnolls
  10 adders
  A white imp (D:5)
  2 ufetubi (D:6)
  2 worms
  4 dart slugs
  6 orcs
  7 ball pythons
  7 bats
  4 endoplasms
  2 giant cockroaches
  2 gnoll zombies (Ossuary)
  7 goblins
  7 hobgoblins
  5 kobolds
  2 quokkas
  A goblin zombie (Ossuary)
  2 hobgoblin zombies (Ossuary)
  2 rats (D:2)
105 creatures vanquished.

Notes
Turn   | Place    | Note
-------+----------+-------------------------------------------
     0 | D:1      | Zdeegee the Vine Stalker Air Elementalist began the quest
                  | for the Orb.
     0 | D:1      | Reached XP level 1. HP: 9/9 MP: 4/4
   214 | D:1      | Reached XP level 2. HP: 14/14 MP: 3/6
   363 | D:1      | Reached skill level 1 in Fighting
  1202 | D:2      | Reached XP level 3. HP: 17/18 MP: 1/7
  1344 | D:2      | Learned a level 2 spell: Static Discharge
  1365 | D:2      | Learned a level 3 spell: Swiftness
  1567 | D:2      | Reached XP level 4. HP: 22/22 MP: 0/9
  1771 | D:2      | Reached skill level 3 in Spellcasting
  2139 | D:3      | Identified the "Lexy"
  2252 | D:3      | Reached XP level 5. HP: 25/25 MP: 8/11
  2400 | D:3      | Learned a level 4 spell: Airstrike
  2592 | D:3      | Found a faded altar of an unknown god.
  2603 | D:3      | Identified the +8 spear of Eternal Harmony {elec, Str+6
                  | Dex-3}
  2695 | D:3      | Found a runed translucent door.
  2696 | D:3      | Noticed Crazy Yiuf
  2705 | D:3      | Killed Crazy Yiuf
  2936 | D:4      | Reached skill level 4 in Spellcasting
  2936 | D:4      | Reached skill level 1 in Ice Magic
  2936 | D:4      | Reached XP level 6. HP: 30/30 MP: 2/13
  3035 | D:4      | Found Uneophi's Antique Weapon Boutique.
  3484 | D:4      | Reached XP level 7. HP: 33/33 MP: 4/14
  3955 | D:5      | Entered Level 5 of the Dungeon
  4076 | D:5      | Found a sand-covered staircase.
  4094 | D:5      | Reached skill level 5 in Spellcasting
  4113 | Ossuary  | Entered an ossuary
  4175 | Ossuary  | Gained mutation: You have razor-sharp teeth. [Vine Stalker
                  | growth]
  4175 | Ossuary  | Reached XP level 8. HP: 39/39 MP: 16/16
  4204 | Ossuary  | Reached skill level 5 in Air Magic
  4589 | D:5      | Found a snail-covered altar of Cheibriados.
  4643 | D:5      | Reached skill level 1 in Short Blades
  5019 | D:4      | Noticed Ijyb
  5022 | D:4      | Killed Ijyb
  5164 | D:6      | Found Konoxt's Magic Scroll Boutique.
  5167 | D:6      | Bought a scroll of blinking for 75 gold pieces
  5167 | D:6      | Bought a scroll of blinking for 75 gold pieces
  5181 | D:6      | Found a staircase to the Ecumenical Temple.
  5197 | D:6      | Identified the +1 robe "Punef" {rPois rC- Will+ Str+3}
  5205 | Temple   | Entered the Ecumenical Temple
  5331 | Temple   | Became a worshipper of Vehumet
  5610 | D:6      | Reached skill level 6 in Spellcasting
  5623 | D:6      | Slain by a wight

Illustrated notes

Levels and vault maps discovered:
D:1:      heliophobic_arrival_battle_scene, layout_loops_cross
D:2:      layout_loops_ring
D:3:      layout_basic, shapermc_ecumenical_altar_rom_forum,
          uniq_crazy_yiuf_cottage
D:4:      layout_basic, serial_shops, kennysheep_mini, uniq_ijyb
D:5:      layout_basic, kennysheep_mini_moat, nicolae_ossuary_entry_ruins,
          kennysheep_small_spiral
D:6:      layout_basic, minmay_temple_entry_mini_moons, serial_shops,
          nicolae_stop_n_shop_2
Temple:   nicolae_temple_slightly_damp_pantheon

Skill      XL: |  1  2  3  4  5  6  7  8 |
---------------+-------------------------+-----
Fighting       | 1 2 |  2.5
Spellcasting   | 3 4 5 6 |  6.0
Conjurations   | 2 3 |  3.9
Dodging        | 2 3 |  3.2
Ice Magic      | 1 2 |  2.9
Air Magic      | 4 5 |  5.4
Short Blades   | 1 |  1.2
Stealth        | 3 |  3.0
Evocations     | |  0.2

Action                     |  1- 3 |  4- 6 |  7- 9 || total
---------------------------+-------+-------+-------++-------
  Melee: Whip              |    11 |       |       ||    11
         Rapier            |       |    39 |    83 ||   122
         Bite              |       |    10 |    40 ||    50
         Punch             |       |     1 |     1 ||     2
   Cast: Shock             |    56 |    77 |    59 ||   192
         Static Discharge  |     1 |    14 |    15 ||    30
         Airstrike         |       |     2 |    16 ||    18
  Evoke: Wand              |       |       |     9 ||     9
    Use: Scroll            |     8 |     2 |     3 ||    13
         Potion            |       |     1 |       ||     1
   Stab: Distracted        |       |       |     2 ||     2
 Armour: Robe              |    17 |    40 |   103 ||   160
  Dodge: Dodged            |    14 |    39 |    70 ||   123

Table legend: (Time is in decaauts)
 A = Elapsed time spent in this place.
 B = Non-inter-level travel time spent in this place.
 C = Inter-level travel time spent in this place.
 D = Time resting spent in this place.
 E = Time spent auto-exploring this place.
 F = Levels seen in this place.
 G = Mean time per level.
                   A        B        C        D        E       F      G
               +--------+--------+--------+--------+--------+-----+--------+
         Total |   5659 |   5415 |    244 |    185 |   4197 |   8 |  707.4 |
       Dungeon |   5126 |   4936 |    190 |    171 |   4009 |   6 |  854.3 |
        Temple |    147 |     93 |     54 |      0 |      9 |   1 |  147.0 |
       Ossuary |    385 |    385 |      0 |     14 |    179 |   1 |  385.0 |
               +--------+--------+--------+--------+--------+-----+--------+

Top non-repeatable levels by time:
     D:4: 1173 daAuts
     D:1: 1082 daAuts
     D:2: 1059 daAuts
     D:3: 800 daAuts
     D:5: 698 daAuts
 Ossuary: 385 daAuts
     D:6: 313 daAuts
  Temple: 147 daAuts
